Map: Orbital Shipyard

Players

lesha

  • Race: Terran Terran
  • League: Gold

Grasshopper - Winner!

  • Race: Zerg Zerg
  • League: Bronze

VOD

Have the link to the VOD?

Description

Time

  • Played on: Jan. 10, 2016, 9:49 a.m.
  • Length: 5:39
Show
View Real Time Build Order
Export as new Build Order

lesha Terran 

Build Orders: Reaper Expand 

Get SALT Encoding   

  12  0:06  SCV  
  13  0:18  SCV, Refinery  
  14  0:25  Supply Depot  
  14  0:31  SCV  
  15  0:47  SCV  
  15  0:48  Barracks  
  16  0:59  SCV  
  17  1:11  SCV  
  18  1:23  SCV  
  19  1:34  Reaper  
  19  1:37  Orbital Command  
  20  1:50  Command Center  
  20  2:03  SCV  
  20  2:05  Supply Depot  
  22  2:11  Barracks Reactor  
  21  2:20  Barracks  
  21  2:24  SCV  
  21  2:27  Factory  
  22  2:37  SCV  
  23  2:53  SCV  
  23  2:58  Refinery  
  23  3:04  Marine  
  23  3:05  SCV, Marine  
  25  3:12  Barracks Tech Lab  
  26  3:13  Factory Reactor  
  26  3:19  Starport  
  26  3:21  Barracks  
  26  3:23  SCV  
  26  3:25  Orbital Command  
  27  3:29  Marine x2  
  29  3:39  Marine  
  30  3:43  SCV  
  30  3:47  Marine  
  32  3:50  Marine  
  32  3:55  SCV  
  34  4:02  Marine  
  35  4:05  Factory Reactor  
  35  4:08  Marine  
  36  4:17  Refinery  
  36  4:18  Refinery  
  36  4:20  Marine x2  
  36  4:21  Medivac  
  36  4:24  Marine  
  40  4:26  Marine  
  40  4:30  SCV x2  
  44  4:37  Marine  
  45  4:40  Engineering Bay  
  45  4:42  SCV  
  45  4:43  Supply Depot  
  46  4:46  Supply Depot  
  46  4:48  Factory Reactor  
  46  4:57  SCV, Medivac, Marine x4  
  39  5:15  Marine x4  
Show
View Real Time Build Order
Export as new Build Order

Grasshopper Zerg - Winner!

Build Orders: Hatch First, Roach Nydus 

Get SALT Encoding   

  12  0:02  Drone  
  13  0:13  Overlord  
  13  0:19  Drone  
  14  0:25  Drone, Extractor  
  15  0:33  Drone  
  16  0:40  Drone  
  17  0:54  Hatchery  
  16  0:57  Drone  
  17  1:10  Spawning Pool  
  16  1:14  Drone  
  16  1:17  Drone  
  18  1:21  Extractor  
  18  1:22  Drone  
  18  1:29  Overlord  
  18  1:40  Drone  
  19  1:52  Drone  
  20  1:57  Queen  
  22  2:04  Drone  
  22  2:06  Queen  
  22  2:08  Drone  
  26  2:19  Extractor  
  26  2:21  Roach Warren  
  24  2:23  Overlord  
  24  2:26  Drone  
  24  2:27  Drone  
  26  2:39  Lair  
  26  2:56  Drone x5  
  26  2:57  Drone  
  32  3:05  Queen  
  34  3:20  Roach x3  
  40  3:34  Overlord  
  40  3:39  Nydus Network  
  39  3:48  Roach x2  
  43  3:49  Overlord  
  43  3:54  Roach x2  
  47  4:04  Roach x2  
  51  4:41  Nydus Canal  
  51  4:44  Roach x4  
  59  4:47  Overlord  
  57  5:11  Roach x2  
  57  5:12  Roach x3  
Tags
 
Add a new tag
Caveats
  • Supply blocks, unpowered buildings, or Contaminate may cause inaccurate times.
  • Supply counts are checked every 10 seconds.